 Dungeon Crawl Stone Soup version 0.22-a0-538-g76cc104 (webtiles) character file.

27 iamserjio the Charmwright (level 3, 0/18 HPs)
             Began as a Vine Stalker Skald on June 23, 2018.
             Succumbed to an adder's poison
             ... on level 2 of the Dungeon.
             The game lasted 00:03:05 (264 turns).

iamserjio the Charmwright (Vine Stalker Skald)       Turns: 264, Time: 00:03:06

Health: 0/18       AC:  5    Str: 13    XL:     3   Next: 10%
Magic:  3/7        EV: 11    Int: 14    God:
Gold:   11         SH:  5    Dex: 13    Spells: 2/7 levels left

rFire    . . .     SeeInvis .   a - +0 spear
rCold    + . .     Gourm    .   e - +0 buckler {rN+}
rNeg     + . .     Faith    .   b - +0 leather armour
rPois    .         Spirit   +   k - +2 hat
rElec    .         Reflect  +   (no cloak)
rCorr    .         Harm     .   (no gloves)
MR       .....                  (no boots)
Stlth    +.........             i - +2 amulet of reflection
HPRegen  0.06/turn              f - ring of protection from cold
MPRegen  0.10/turn              (no ring)

@: lethally poisoned (0 -> -8)
A: fangs 2, magic shield, antimagic bite, no potion heal 3, rot immunity
a: no special abilities


You were on level 2 of the Dungeon.
You were not hungry.

You visited 1 branch of the dungeon, and saw 2 of its levels.

You collected 11 gold pieces.

Inventory:

Hand Weapons
 a - a +0 spear (weapon)
Armour
 b - a +0 leather armour (worn)
 e - a +0 buckler of positive energy (worn)
 k - a +2 hat (worn)
Jewellery
 f - a ring of protection from cold (left hand)
 i - a +2 amulet of reflection (around neck)
Potions
 g - 2 potions of lignification
 h - a potion of flight {unknown}
 j - a potion of magic {unknown}
Comestibles
 d - 2 rations


   Skills:
 - Level 2.0 Fighting
 * Level 2.7 Polearms
 - Level 0.7 Armour
 - Level 1.5 Dodging
 + Level 2.6 Spellcasting
 - Level 3.0 Charms


You had 2 spell levels left.
You knew the following spells:

 Your Spells              Type           Power        Failure   Level  Hunger
a - Infusion              Chrm           ##..         14%         1    #......
b - Song of Slaying       Chrm           ##......     21%         2    ###....
c - Shroud of Golubria    Chrm/Tloc      #.........   36%         2    ###....

Your spell library contained the following spells:

 Spells                   Type           Power        Failure   Level  Hunger
 Regeneration             Chrm/Necr      #.........   61%         3    ###....
 Spectral Weapon          Hex/Chrm       #.......     61%         3    ###....


Dungeon Overview and Level Annotations

Branches:
Dungeon (2/15)

Altars:


Innate Abilities, Weirdness & Mutations

You have extremely sharp teeth.
When hurt, damage is shared between your health and your magic reserves.
Your bite disrupts and absorbs the magic of your enemies.
Potions cannot restore your health.
You are immune to rotting.


Message History

As you read the scroll labeled NOESTR EFOMY, it crumbles to dust.
The scroll dissolves into smoke.
It was a scroll of fog.
The adder bites you.
* * * LOW HITPOINT WARNING * * *
The hobgoblin hits you but does no damage.
The adder barely misses you. The goblin completely misses you.
As you read the scroll labeled WIENNE TEDOCI, it crumbles to dust.
It is a scroll of identify.
g - 2 potions of lignification The kobold misses you.
The adder bites you but does no damage.
The hobgoblin hits you but does no damage.
The goblin barely misses you. The adder closely misses you.
The goblin hits you but does no damage. The adder bites you.
* * * LOW HITPOINT WARNING * * *
You are lethally poisoned!
The adder poisons you! The goblin barely misses you.
You block the adder's attack. The goblin barely misses you.
The adder barely misses you.
There is a stone staircase leading up here.
You die...

#.....##
#.......
####.....# .
#........# P♣
#..§.....#..P
#§§§§........
#§§§gS#§.....
#@SK§S...+
#Sg§# #g§§#
#§§§# ..(...#
.......##
.......#
.......#
♣♣.♣...#


You could see 3 adders, a hobgoblin, 2 goblins and a kobold.

Vanquished Creatures
  An ooze (D:1)
  A worm (D:2)
  A leopard gecko (D:1)
  A ball python (D:1)
  A giant cockroach (D:1)
  2 goblins (D:1)
  3 hobgoblins (D:1)
  4 bats
  3 kobolds
  A rat (D:2)
18 creatures vanquished.

Notes
Turn   | Place    | Note
-------+----------+-------------------------------------------
     0 | D:1      | iamserjio the Vine Stalker Skald began the quest for the Orb.
     0 | D:1      | Reached XP level 1. HP: 11/11 MP: 4/4
    49 | D:1      | Reached XP level 2. HP: 6/15 MP: 1/6
   112 | D:1      | Learned a level 2 spell: Song of Slaying
   115 | D:1      | Learned a level 2 spell: Shroud of Golubria
   224 | D:1      | Reached XP level 3. HP: 8/18 MP: 2/7
   264 | D:2      | Succumbed to an adder's poison

Vault maps used:
D:1:      dpeg_arrival_triangle_fractal
D:2:      eat_drink_and_be_merry_uskayaw, serial_forest,
          infiniplex_forest_straight_4, infiniplex_forest_lined_room_,
          infiniplex_forest_straight_4, infiniplex_forest_lined_2,
          infiniplex_forest_clump_cross, infiniplex_forest_straight_5,
          infiniplex_forest_clump_double, infiniplex_forest_end_double,
          hangedman_feature_mirror

Skill      XL: |  1 |
---------------+----+-----
Polearms       | 2 |  2.7
Fighting       | 2 |  2.0
Armour         | |  0.7
Dodging        | |  1.5
Spellcasting   | |  2.6
Charms         | |  3.0

Action                   || total
-------------------------++-------
Melee: Spear             ||    64
       Bite              ||    17
 Cast: Infusion          ||     2
       Shroud of Golubri ||     1
       Song of Slaying   ||     1
  Use: Scroll            ||     2
 Stab: Sleeping          ||     1
Armor: Leather armour    ||    19
Dodge: Dodged            ||    43
Block: Buckler           ||    19

Table legend:
 A = Spawn XP
 B = Non-spawn XP
 C = Spawn XP percentage of total XP
 D = Spawn monster count
 E = Non-spawn monster count
 F = Spawn count percentage of total count
 G = Total turns spent on level
                    A         B        C        D         E        F      G
               +---------+---------+-------+---------+---------+-------+---------
         Total |       0 |      39 |   0.0 |       0 |      18 |   0.0 |   264
               +---------+---------+-------+---------+---------+-------+---------
           D:1 |       0 |      27 |   0.0 |       0 |      12 |   0.0 |   187
           D:2 |       0 |      12 |   0.0 |       0 |       6 |   0.0 |    77
               +---------+---------+-------+---------+---------+-------+---------
